 Dungeon Crawl Stone Soup version 0.31.0-32-g396128a36d (webtiles) character file.

Game seed: 4889997805964260647

2675 Marvel the Ruffian (level 9, 0/87 (89) HPs)
             Began as a Troll Monk on Mar 14, 2024.
             Was an Elder of Okawaru.
             Slain by a hornet (13 damage)
             ... on level 7 of the Dungeon.
             The game lasted 00:08:40 (5159 turns).

Marvel the Ruffian (Troll Monk)                     Turns: 5159, Time: 00:08:41

HP:   0/87 (89)     AC:  4    Str: 25    XL:     9   Next: 37%
MP:   8/8           EV: 12    Int:  6    God:    Okawaru [****..]
Gold: 350           SH:  0    Dex: 12    Spells: 8/8 levels left

rFire   . .          .
                       - Unarmed
rCold   . . .        c - orb {light}
rNeg    . . .        a - +0 robe
rPois   .            (helmet restricted)
rElec   .            (no cloak)
rCorr   +            (gloves unavailable)
SInv    .            (boots unavailable)
Will    +....        r - amulet of regeneration
Stlth   +            A - ring of resist corrosion
HPRegen 1.94/turn    (no ring)
MPRegen 0.11/turn

%: no passive effects
@: lethally poisoned (0 -> -2), enlightened, flying, slowed, glowing, lightly
drained, very slow
A: large, unfitting armour, claws 3, regeneration 1, shaggy fur 1, tough skin 1
a: Renounce Religion, Heroism, Finesse


You were on level 7 of the Dungeon.
You worshipped Okawaru.
Okawaru was greatly pleased with you.
You visited 2 branches of the dungeon, and saw 8 of its levels.

You collected 383 gold pieces.
You spent 33 gold pieces at shops.

Inventory:

Hand Weapons
 o - a +1 short sword of venom
 x - a +2 flail of holy wrath
Missiles
 e - 6 poisoned darts (quivered)
Armour
 a - a +0 robe (worn)
 c - an orb of light (worn)
Jewellery
 m - a ring of wizardry
 p - a ring of wizardry
 q - a ring of magical power
 r - an amulet of regeneration (around neck)
 w - an amulet of reflection
 A - a ring of resist corrosion (left claw)
 E - an amulet of the acrobat
Scrolls
 d - 3 scrolls of vulnerability {unknown}
 g - 3 scrolls of teleportation {unknown}
 h - 5 scrolls of identify {unknown}
 n - 3 scrolls of immolation {unknown}
 u - a scroll of noise {unknown}
 v - 2 scrolls of enchant armour {unknown}
 C - a scroll of fear {unknown}
 D - a scroll of butterflies {unknown}
Potions
 b - 3 potions of ambrosia
 f - 2 potions of curing
 i - a potion of lignification {unknown}
 j - 3 potions of heal wounds {unknown}
 k - a potion of resistance {unknown}
 l - 3 potions of attraction {unknown}
 s - a potion of brilliance {unknown}
 t - a potion of might {unknown}
 z - a potion of invisibility {unknown}
 B - a potion of enlightenment
Miscellaneous
 y - a condenser vane


   Skills:
 + Level 6.2 Fighting
 + Level 7.0 Dodging
 - Level 1.3 Stealth
 * Level 7.8 Unarmed Combat


You had 8 spell levels left.
You didn't know any spells.
Your spell library contained the following spells:

 Spells                   Type           Power      Damage    Failure   Level
 Fugue of the Fallen      Necr           0%         N/A       83%         3
 Ozocubu's Armour         Ice            0%         N/A       83%         3
 Manifold Assault         Tloc           0%         N/A       99%         4
 Passage of Golubria      Tloc           0%         N/A       99%         4
 Yara's Violent Unravell  Hex/Alch       0%         3d3       100%        5
 Tukima's Dance           Hex            Unusable   N/A       N/A         3

Dungeon Overview and Level Annotations

Branches:
Dungeon (7/15)             Temple (1/1) D:4

Altars:
Ashenzari
Cheibriados
Dithmenos
Elyvilon
Fedhas
Gozag
Hepliaklqana
Makhleb
Okawaru
Qazlal
Ru
Trog
Vehumet
Wu Jian
Xom
Yredelemnul
Zin
The Shining One

Shops:
D:1 !*

Annotations:
D:4 7 runed translucent doors, nitefall's ghost, novice MiBe


Innate Abilities, Weirdness & Mutations

You are too large for most types of armour.
You have claws for hands.
Your natural rate of healing is unusually fast.
You are covered in fur. (AC +1)
You have tough skin. (AC +1)


Message History

You are too injured to fight recklessly!
You are too injured to fight recklessly!
You are too injured to fight recklessly!
You are too injured to fight recklessly!
You are too injured to fight recklessly!
You are too injured to fight recklessly!
You feel very sick. The hornet closely misses you.
You are too injured to fight recklessly!
You claw the hornet!
The hornet is moderately wounded.
You feel sick. The hornet misses you. The hornet barely misses you.
You barely miss the hornet.
The hornet is moderately wounded.
You feel sick. The hornet stings you!
You feel as though you will be slow longer.
The hornet closely misses you.
You scratch the hornet.
The hornet is moderately wounded.
You feel sick. The hornet stings you.
You feel as though you will be slow longer.
The hornet stings you!
* * * LOW HITPOINT WARNING * * *
You feel as though you will be slow longer.
You feel better. The hornet closely misses you. x2
Okay, then.
It was a potion of enlightenment.
You feel very buoyant.
You fly up into the air.
The hornet closely misses you. The hornet stings you!
* * * LOW HITPOINT WARNING * * *
You feel as though you will be slow longer.
Okay, then.
You scratch the hornet but do no damage.
The hornet is moderately wounded.
The hornet stings you.
* * * LOW HITPOINT WARNING * * *
You are poisoned.
You feel as though you will be slow longer.
The hornet stings you!
You die...

#....####
#.##....##
#.
####..##
#. ##..#
#. ##.# #.
#.##### #.
#.....# #.
#####.###
#@yo#
###o.#
#### #.#
#... ...
#.#. ...
#... .###
#.#. #
...#.##
#.....
#>.###


You could see a hornet and 2 orcs.

Vanquished Creatures
  Prince Ribbit (D:5)
  Sigmund (D:6)
  A steam dragon (D:6)
  Edmund (D:3)
  2 water moccasins
  An ice beast (D:6)
  A black bear (D:6)
  3 ogres
  2 centaurs (D:5)
  A phantom (D:6)
  4 scorpions
  3 wights
  A killer bee (D:4)
  A howler monkey (D:5)
  2 hounds
  A bombardier beetle (D:5)
  2 jellies
  6 orc priests
  2 iguanas
  Natasha (D:3)
  3 orc wizards
  4 gnolls (D:6)
  6 adders
  2 shadow imps
  A white imp (D:4)
  3 ufetubi
  A ribbon worm (D:3)
  4 dart slugs
  21 orcs
  9 ball pythons
  5 bats
  4 endoplasms
  4 giant cockroaches
  9 goblins
  7 hobgoblins
  8 jackals
  8 kobolds
  9 quokkas
  3 frilled lizards
  3 rats
151 creatures vanquished.

Vanquished Creatures (others)
  Natasha (D:3)
  An ufetubus (D:5)
2 creatures vanquished.

Grand Total: 153 creatures vanquished

Notes
Turn   | Place    | Note
-------+----------+-------------------------------------------
     0 | D:1      | Marvel the Troll Monk began the quest for the Orb.
     0 | D:1      | Reached XP level 1. HP: 22/22 MP: 0/0
    31 | D:1      | Found Syrrotz's Assorted Antiques.
    68 | D:1      | Reached XP level 2. HP: 29/29 MP: 1/1
   101 | D:1      | Found Pokyi's Distillery.
   123 | D:1      | Bought a potion of curing for 33 gold pieces
   140 | D:1      | Reached XP level 3. HP: 36/36 MP: 2/2
   866 | D:2      | Reached XP level 4. HP: 40/44 MP: 3/3
  1394 | D:3      | Noticed Natasha
  1399 | D:3      | Killed Natasha
  1616 | D:3      | Reached XP level 5. HP: 50/52 MP: 4/4
  1689 | D:3      | Found a white marble altar of Elyvilon.
  1719 | D:3      | Killed Natasha
  2090 | D:3      | Found a stormy altar of Qazlal.
  2228 | D:4      | Noticed Edmund
  2228 | D:4      | Found a runed translucent gate.
  2228 | D:4      | Found a runed translucent gate.
  2228 | D:4      | Found a runed translucent gate.
  2278 | D:3      | Killed Edmund
  2279 | D:3      | Reached skill level 5 in Unarmed Combat
  2279 | D:3      | Reached XP level 6. HP: 26/61 MP: 5/5
  2341 | D:4      | Found an opulent altar of Gozag.
  2377 | D:4      | Noticed nitefall's ghost (novice MiBe)
  2431 | D:4      | Found a large runed translucent door.
  2431 | D:4      | Found a large runed translucent door.
  2474 | D:4      | Found a large runed translucent door.
  2474 | D:4      | Found a large runed translucent door.
  2534 | D:4      | Identified the +8 morningstar "Ezaumeuh" {protect, Dex+4}
  2658 | D:4      | Found a staircase to the Ecumenical Temple.
  2752 | Temple   | Entered the Ecumenical Temple
  2761 | Temple   | Became a worshipper of Warmaster Okawaru
  2761 | Temple   | Reached * piety under Okawaru
  2761 | Temple   | Reached ** piety under Okawaru
  2876 | D:4      | Reached XP level 7. HP: 63/67 MP: 6/6
  3163 | D:5      | Entered Level 5 of the Dungeon
  3204 | D:5      | Reached skill level 5 in Dodging
  3280 | D:5      | Noticed Prince Ribbit
  3290 | D:5      | Reached skill level 1 in Stealth
  3294 | D:5      | Killed Prince Ribbit
  3294 | D:5      | Reached *** piety under Okawaru
  3295 | D:5      | Reached XP level 8. HP: 9/79 MP: 7/7
  3474 | D:5      | Reached skill level 5 in Fighting
  3935 | D:6      | HP: 1/80 [ogre/+0 giant spiked club (31)]
  4169 | D:6      | Reached **** piety under Okawaru
  4429 | D:6      | Reached XP level 9. HP: 87/89 MP: 8/8
  4738 | D:6      | Noticed Sigmund
  4745 | D:6      | Killed Sigmund
  5151 | D:7      | Paralysed by a hornet for 1 turns
  5159 | D:7      | Slain by a hornet

Illustrated notes

Levels and vault maps discovered:
D:1:      amcnicky_arrival_double_pillar, layout_basic, serial_shops, shop,
          shop, minmay_quantized
D:2:      layout_loops_ring, chequers_serial_rivers_room_a
D:3:      kennysheep_big_flooded_room, layout_loops_corners,
          nicolae_elyvilon_peaceful_grove, nicolae_qazlal_scattered_showers,
          guppyfry_early_lair_pool, uniq_natasha
D:4:      layout_rooms, minmay_temple_entry_drinking_statues,
          ebering_ghost_gozag, lightli_ossuary_entry_decrepit_ruins,
          kennysheep_path_1, moated_statue, hangedman_decor_opposing,
          minmay_hollow_rounded_squares, uniq_edmund
D:5:      layout_rooms, uniq_prince_ribbit1
D:6:      layout_loops_corners, minmay_chambers_of_fives, uniq_sigmund
D:7:      layout_basic, corexii_corridor_pit
Temple:   nicolae_temple_superstar

Skill      XL: |  1  2  3  4  5  6  7  8  9 |
---------------+----------------------------+-----
Dodging        | 3 4 5 6 7 |  7.0
Unarmed Combat | 4 5 6 7 |  7.8
Fighting       | 3 4 5 6 |  6.2
Stealth        | 1 |  1.3

Action                     |  1- 3 |  4- 6 |  7- 9 || total
---------------------------+-------+-------+-------++-------
  Melee: Unarmed           |    92 |     7 |    83 ||   182
         Short sword       |       |   134 |   140 ||   274
    Use: Potion            |       |       |     2 ||     2
 Armour: Robe              |    51 |    78 |   195 ||   324
  Dodge: Dodged            |    38 |    73 |   174 ||   285
